Map: Deathaura LE

Players

JinairRogue (Rogue)

  • Race: Zerg Zerg
  • Spawn Location: 11:00

INnoVation - Winner!

  • Race: Terran Terran
  • League: Grandmaster
  • Spawn Location: 5:00

Event: DreamHack SC2 Masters 2020 Fall

VOD

Have the link to the VOD?

Description

Time

  • Played on: Sept. 19, 2020, 9:43 a.m.
  • Length: 8:47

All games in this series

Show
View Real Time Build Order
Export as new Build Order

JinairRogue Zerg 

Build Orders: Hatch First 

Get SALT Encoding   

  12  0:00  Drone  
  13  0:12  Overlord  
  13  0:17  Drone  
  14  0:31  Drone x2  
  16  0:47  Hatchery  
  15  0:51  Drone  
  15  0:54  Drone  
  17  0:57  Drone  
  18  1:08  Extractor  
  17  1:13  Spawning Pool  
  17  1:15  Drone  
  18  1:18  Drone  
  18  1:28  Drone  
  19  1:39  Drone  
  20  1:50  Drone  
  21  1:59  Queen x2  
  21  2:00  Zergling x4  
  27  2:10  Overlord  
  27  2:12  Drone, Metabolic Boost  
  28  2:30  Drone x2  
  28  2:33  Overlord  
  28  2:34  Drone  
  28  2:36  Queen  
  33  2:38  Queen  
  33  2:43  Drone  
  36  2:46  Overlord  
  36  2:55  Drone x2  
  39  3:05  Drone x2  
  39  3:07  Drone x4  
  39  3:08  Drone  
  39  3:12  Drone  
  46  3:16  Queen  
  48  3:23  Drone x2  
  50  3:33  Hatchery  
  49  3:35  Overlord  
  49  3:43  Zergling x2  
  49  3:44  Zergling x4  
  52  3:48  Overlord  
  52  3:53  Queen, Evolution Chamber  
  52  3:54  Evolution Chamber  
  52  3:56  Drone x2  
  52  3:57  Drone  
  55  4:04  Zergling x2  
  55  4:08  Zergling x8  
  60  4:15  Overlord  
  60  4:18  Drone  
  60  4:20  Spore Crawler  
  60  4:23  Drone  
  60  4:24  Zerg Ground Armor Level 1, Drone  
  62  4:29  Drone x4  
  62  4:34  Zergling x2  
  61  4:40  Zergling x2  
  61  4:44  Drone x2  
  61  4:47  Drone  
  61  4:49  Zerg Melee Weapons Level 1  
  54  4:54  Zergling x8  
  54  4:56  Drone  
  54  5:01  Drone  
  54  5:05  Drone  
  53  5:07  Drone  
  54  5:14  Drone  
  54  5:15  Drone  
  54  5:18  Spore Crawler, Drone  
  56  5:21  Overlord  
  56  5:23  Drone x3  
  56  5:27  Drone  
  60  5:29  Drone  
  60  5:36  Drone x3  
  60  5:38  Lair  
  60  5:39  Drone x2  
  65  5:47  Drone  
  65  5:48  Drone  
  65  5:49  Drone x3  
  71  5:50  Drone  
  71  5:53  Drone x3, Extractor x2  
  71  5:54  Extractor  
  71  5:58  Drone  
  71  6:03  Extractor x2  
  70  6:04  Drone x2  
  70  6:05  Drone x3, Baneling Nest  
  74  6:13  Drone  
  74  6:14  Drone x2  
  77  6:20  Drone x3  
  77  6:21  Drone  
  77  6:25  Drone x3  
  84  6:27  Zergling x2, Hatchery  
  84  6:29  Overlord  
  84  6:33  Zergling x2  
  84  6:34  Zergling x4  
  84  6:36  Overlord  
  87  6:40  Zergling x4  
  89  6:48  Zergling x10  
  89  6:53  Drone x3  
  97  6:56  Overlord  
  97  6:59  Centrifical Hooks  
  96  7:05  Zergling x2  
  96  7:06  Zergling x6  
  96  7:07  Zergling x2  
  101  7:12  Zergling x2  
  96  7:16  Baneling x7  
  96  7:17  Baneling x3  
  96  7:20  Zergling x10  
  96  7:21  Zergling x2  
  99  7:23  Zergling x4  
  100  7:35  Zergling x4  
  100  7:36  Zergling x6  
  98  7:42  Zergling x4  
  98  7:43  Zergling x4  
  99  7:50  Zergling x2  
  99  7:51  Zergling x12  
  98  7:53  Spire  
  98  7:55  Baneling  
  98  7:56  Zergling x4, Baneling x3  
  98  7:57  Zergling x2  
  100  8:02  Zergling x8  
  103  8:09  Hatchery  
  103  8:11  Zergling x6  
  98  8:21  Zergling x2  
  98  8:22  Zergling x4  
  98  8:25  Zergling x2  
  98  8:26  Zergling x6  
Show
View Real Time Build Order
Export as new Build Order

INnoVation Terran - Winner!

Build Orders: Gas First Reaper Expand, Liberator Opening 

Get SALT Encoding   

  12  0:00  SCV  
  13  0:12  SCV  
  14  0:16  Supply Depot  
  14  0:24  SCV  
  15  0:28  Refinery  
  15  0:38  SCV  
  16  0:44  Barracks  
  16  0:50  SCV  
  17  1:02  SCV  
  18  1:14  SCV  
  19  1:31  Reaper, Orbital Command  
  20  1:41  Command Center  
  20  1:51  Factory  
  20  1:56  SCV  
  21  2:05  Barracks Reactor  
  21  2:08  SCV  
  21  2:11  Supply Depot  
  21  2:14  Refinery  
  22  2:20  SCV  
  23  2:33  SCV  
  24  2:43  Starport  
  24  2:45  Hellion x2  
  24  2:46  SCV  
  24  2:49  Marine  
  30  2:53  Orbital Command  
  30  2:58  SCV  
  31  3:06  Hellion x2  
  31  3:10  SCV, Supply Depot  
  36  3:18  Medivac  
  38  3:21  SCV  
  38  3:22  SCV, Barracks Tech Lab  
  40  3:27  Hellion  
  40  3:29  Hellion  
  44  3:36  SCV x2  
  44  3:38  Supply Depot  
  46  3:48  SCV x2  
  47  3:49  Hellion  
  47  3:51  Hellion  
  47  3:54  Liberator  
  54  4:00  SCV x2  
  56  4:08  Command Center  
  56  4:12  SCV x2  
  58  4:17  Marine  
  59  4:24  SCV x2  
  59  4:25  Factory Reactor  
  59  4:26  Barracks  
  59  4:29  Stimpack  
  61  4:35  Marine  
  62  4:40  SCV x2  
  58  4:47  Starport Reactor  
  58  4:51  Barracks  
  58  4:52  SCV x2  
  58  4:53  Marine  
  53  5:04  SCV x2, Hellion x2  
  53  5:05  Engineering Bay x2  
  55  5:09  Supply Depot  
  55  5:10  Marine  
  56  5:14  Marine x2  
  56  5:16  SCV x2  
  56  5:18  Refinery  
  56  5:19  Refinery  
  60  5:21  Orbital Command  
  60  5:28  SCV x2, Marine  
  60  5:30  Hellion  
  60  5:33  Starport Reactor  
  60  5:34  Terran Infantry Weapons Level 1, Terran Infantry Armor Level 1  
  65  5:38  Marine  
  65  5:40  SCV x2  
  65  5:41  Marine  
  69  5:45  Marine x2  
  69  5:46  Marine  
  69  5:48  Orbital Command  
  72  5:53  Hellion x2  
  72  5:55  SCV  
  72  5:56  SCV  
  78  5:57  Supply Depot  
  78  5:59  Marine x2  
  78  6:02  Supply Depot  
  80  6:07  Supply Depot  
  80  6:08  SCV x2  
  80  6:09  Medivac  
  84  6:13  Armory  
  84  6:15  Combat Shield, Marine  
  85  6:19  Medivac, Marine, Hellion x2  
  85  6:20  Marine  
  85  6:24  SCV x3, Marine  
  97  6:30  Supply Depot, Marine  
  97  6:31  Supply Depot  
  98  6:33  Marine  
  98  6:36  Marine  
  98  6:38  SCV x3  
  103  6:41  Widow Mine x2  
  103  6:43  Medivac  
  109  6:47  Supply Depot  
  109  6:52  Medivac  
  109  6:54  Marine x5  
  111  6:55  SCV  
  111  6:58  Supply Depot  
  111  6:59  SCV x2  
  115  7:10  Barracks  
  115  7:11  SCV x2, Barracks  
  115  7:12  SCV  
  115  7:13  Widow Mine x2  
  122  7:21  Supply Depot, Marine  
  122  7:22  Marine x4  
  125  7:25  SCV x3  
  125  7:29  Supply Depot  
  128  7:30  Supply Depot  
  126  7:45  Marine x4  
  126  7:51  SCV, Medivac x2  
  117  7:52  SCV x2  
  117  7:54  Widow Mine x2  
  124  8:01  Factory  
  124  8:03  SCV  
  124  8:04  SCV x2, Supply Depot, Refinery x2  
  127  8:06  Barracks Reactor x2  
  127  8:07  Marine x3  
  127  8:10  Marine x2  
  132  8:20  Widow Mine x2  
  132  8:25  Marine x3  
  136  8:28  Marine  
  136  8:30  Command Center  

Tags
 
Add a new tag
Caveats
  • Supply blocks, unpowered buildings, or Contaminate may cause inaccurate times.
  • Supply counts are checked every 10 seconds.